 Dungeon Crawl Stone Soup version 0.31-a0-1068-g5939ac1 (webtiles) character file.

Game seed: 11612902458600521160

232 Danimoth the Trooper (level 5, -26/47 HPs)
             Began as an Armataur Fighter on Nov 22, 2023.
             Annihilated by an ogre
             ... wielding a +0 giant club
              (28 damage)
             ... on level 3 of the Dungeon.
             The game lasted 00:02:53 (1282 turns).

Danimoth the Trooper (Armataur Fighter)             Turns: 1282, Time: 00:02:54

Health: -26/47     AC: 10    Str: 17 (23) XL:     5   Next: 73%
Magic:  5/5        EV:  5    Int:  5 (9)  God:
Gold:   30         SH:  3    Dex:  5 (9)  Spells: 4/4 levels left

rFire   . .          .
                       - Unarmed
rCold   . . .        b - +0 buckler
rNeg    . . .        d - +0 chain mail
rPois   .            (no helmet)
rElec   .            (no cloak)
rCorr   .            f - +1 pair of gloves
SInv    .            (no barding)
Will    +....        (no amulet) Stlth
                     (no ring)
HPRegen 0.27/turn    (no ring)
MPRegen 0.09/turn

%: roll
@: attractive, enlightened, flying
A: large, deformed body, tough skin 3, armoured tail, roll 1, long tongue
a: no special abilities


You were on level 3 of the Dungeon.
You visited 1 branch of the dungeon, and saw 3 of its levels.

You collected 30 gold pieces.

Inventory:

Armour
 b - a +0 buckler (worn)
 d - a +0 chain mail (worn)
 f - a +1 pair of gloves (worn)
Potions
 e - a potion of curing
 j - a potion of attraction


   Skills:
 + Level 4.6 Fighting
 - Level 3.6 Armour
 - Level 3.2 Shields
 + Level 4.1 Unarmed Combat


You had 4 spell levels left.
You didn't know any spells.
Your spell library was empty.

Dungeon Overview and Level Annotations

Branches:
Dungeon (3/15)

Altars:

Shops:
D:1 =!(?

Annotations:
D:3 Terence


Innate Abilities, Weirdness & Mutations

Armour fits poorly on your strangely shaped body.
You have extremely tough skin. (AC +3)
You have a long armoured tail.
You roll when moving toward enemies. (Rampage)
Your long tongue fully drains potion bottles. (2x potion effects)


Message History

You kill the ball python!
You block the bat's attack. The rat bites you but does no damage.
You hit Terence but do no damage.
Your tail-slap misses Terence.
The bat barely misses you. Terence hits you but does no damage.
The rat bites you but does no damage.
You hit Terence but do no damage. The kobold hits you but does no damage.
Terence hits you but does no damage. The rat bites you but does no damage.
You closely miss Terence.
The kobold hits you with a +0 short sword.
Terence hits you with a +0 flail of protection.
You block the rat's attack.
You closely miss Terence. The kobold hits you but does no damage.
The rat bites you but does no damage.
Terence hits you with a +0 flail of protection.
You hit Terence but do no damage.
The kobold hits you with a +0 short sword.
The rat bites you but does no damage. Terence barely misses you.
You hit Terence but do no damage. The rat bites you but does no damage.
Terence hits you but does no damage.
You hit Terence.
Terence is moderately wounded.
Terence hits you but does no damage. The rat bites you but does no damage.
You closely miss the ogre.
The ogre hits you with a +0 giant club!!
Ouch! That really hurt!
* * * LOW HITPOINT WARNING * * *
Terence hits you with a +0 flail of protection.
* * * LOW HITPOINT WARNING * * *
You block the rat's attack.
You punch the ogre!
The ogre is moderately wounded.
You hit the ogre.
The ogre is moderately wounded.
Terence hits you with a +0 flail of protection.
* * * LOW HITPOINT WARNING * * *
The rat bites you.
* * * LOW HITPOINT WARNING * * *
The ogre hits you with a +0 giant club!!
Ouch! That really hurt!
You die...

#.......(.#
#.........#
#...........
##..........
###...........
#l............
#oJ...........
#@Ob..........
#@rK.........
###.........
#.........
#.......?.
#........
....... #...


You could see an ogre, Terence, an orc, an endoplasm, a bat, a kobold, a frilled
lizard and a rat.

Vanquished Creatures
  Sigmund (D:2)
  4 gnolls
  An adder (D:1)
  4 ball pythons
  2 endoplasms
  5 giant cockroaches (D:1)
  3 goblins (D:1)
  5 hobgoblins
  3 kobolds (D:1)
  3 bats
  A frilled lizard (D:1)
  2 rats (D:1)
34 creatures vanquished.

Notes
Turn   | Place    | Note
-------+----------+-------------------------------------------
     0 | D:1      | Danimoth the Armataur Fighter began the quest for the Orb.
     0 | D:1      | Reached XP level 1. HP: 18/18 MP: 1/1
   200 | D:1      | Found Ycolao's Jewellery Shop.
   252 | D:1      | Reached XP level 2. HP: 26/26 MP: 2/2
   314 | D:1      | Found Qohil's Distillery.
   358 | D:1      | Found Litomm's Weapon Shoppe.
   383 | D:1      | Found Miyrumu's Magic Scroll Emporium.
   586 | D:2      | Noticed Sigmund
   709 | D:2      | Killed Sigmund
   710 | D:2      | Reached XP level 3. HP: 22/34 MP: 0/3
   710 | D:2      | Reached XP level 4. HP: 27/41 MP: 0/4
   710 | D:2      | Reached XP level 5. HP: 31/47 MP: 0/5
   976 | D:2      | Noticed an ogre
  1245 | D:3      | Noticed Terence
  1256 | D:3      | Noticed an ogre
  1282 | D:3      | HP: 2/47 [rat (1)]
  1282 | D:3      | Annihilated by an ogre

Illustrated notes

Levels and vault maps discovered:
D:1:      spicycebolla_arrival_ecumenical, layout_loops_corners, serial_shops,
          shop, shop, nicolae_shop_rolling_square, shop
D:2:      layout_rooms, hangedman_decor_points, kennysheep_cross_room,
          uniq_sigmund
D:3:      layout_rooms, evilmike_ruin_ashenzari, uniq_terence

Skill      XL: |  1  2  3  4  5 |
---------------+----------------+-----
Unarmed Combat | 2 3 4 |  4.1
Fighting       | 3 4 |  4.6
Armour         | |  3.6
Shields        | |  3.2

Action                     |  1- 3 |  4- 6 || total
---------------------------+-------+-------++-------
  Melee: Unarmed           |    75 |    55 ||   130
         Tailslap          |    12 |     8 ||    20
    Use: Potion            |     1 |     5 ||     6
         Scroll            |       |     2 ||     2
 Armour: Chain mail        |    56 |   111 ||   167
         Scale mail        |     3 |       ||     3
  Dodge: Dodged            |    25 |    39 ||    64
  Block: Buckler           |    11 |    22 ||    33

Table legend: (Time is in decaauts)
 A = Elapsed time spent in this place.
 B = Non-inter-level travel time spent in this place.
 C = Inter-level travel time spent in this place.
 D = Time resting spent in this place.
 E = Time spent auto-exploring this place.
 F = Levels seen in this place.
 G = Mean time per level.
                   A        B        C        D        E       F      G
               +--------+--------+--------+--------+--------+-----+--------+
         Total |   1282 |   1109 |    173 |    108 |    633 |   3 |  427.3 |
       Dungeon |   1282 |   1109 |    173 |    108 |    633 |   3 |  427.3 |
               +--------+--------+--------+--------+--------+-----+--------+

Top non-repeatable levels by time:
     D:1: 920 daAuts
     D:2: 326 daAuts
     D:3: 35 daAuts
